 Dungeon Crawl Stone Soup version 0.18.1-48-g4cf74bf (webtiles) character file.

43738 Justsplatmyhpup the Peltast (level 14, -11/93 HPs)
             Began as a Formicid Fighter on Aug 4, 2016.
             Was the Champion of Okawaru.
             Mangled by Agnes
             ... wielding a +1 lajatang of electrocution
              (28 damage)
             ... on level 15 of the Dungeon.
             The game lasted 00:55:03 (18860 turns).

Justsplatmyhpup the Peltast (Formicid Fighter)     Turns: 18860, Time: 00:55:04

Health: -11/93     AC: 28    Str: 25    XL:     14   Next: 62%
Magic:  25/26      EV: 21    Int: 11    God:    Okawaru [******]
Gold:   318        SH: 17    Dex: 14    Spells: 0 memorised, 13 levels left

rFire  . . .     SeeInvis +     U - +3 great sword (slice)
rCold  + + .     Gourm    .     S - +2 chain mail {rC+}
rNeg   . . .     Faith    +     c - +1 shield
rPois  +         Spirit   .     (helmet unavailable)
rElec  .         Dismiss  .     y - +2 cloak
rCorr  .         Reflect  .     u - +2 pair of gloves "Hoomok" {+Fly rF+ Str+3}
SustAt .         Harm     .     O - +2 pair of boots of the Ladybird {rF- Regen+ Int+3}
MR     +....                    o - amulet of faith
Stlth  +.........               q - +5 ring of evasion
                                R - ring of Widder {rPois rC+ MP+9 Stlth+}

@: heroism, somewhat resistant to hostile enchantments, very unstealthy
A: permanent stasis, dig shafts and tunnels, four strong arms, antennae 3
a: Dig, Shaft Self, Heroism, Finesse, Renounce Religion, Evoke Flight


You were on level 15 of the Dungeon.
You worshipped Okawaru.
Okawaru was exalted by your worship.
You were not hungry.

You visited 3 branches of the dungeon, and saw 18 of its levels.
You also visited: Labyrinth, Trove, Sewer and Ossuary.

You collected 1517 gold pieces.
You spent 1199 gold pieces at shops.

Inventory:

Hand Weapons
 b - the +7 flail of Crawling {crush, Dex+2}
   (You found it on level 8 of the Dungeon)

   It inflicts extra damage upon your enemies.
   It affects your dexterity (+2).
 P - a +4 scimitar of flaming
 U - a +3 great sword of slicing (weapon)
Armour
 c - a +1 shield (worn)
 u - the +2 pair of gloves "Hoomok" (worn) {+Fly rF+ Str+3}
   (You acquired it on level 9 of the Dungeon)

   It affects your strength (+3).
   It protects you from fire.
   It lets you fly.
 y - a +2 cloak (worn)
 I - a +0 plate armour
 O - the +2 pair of boots of the Ladybird (worn) {rF- Regen+ Int+3}
   (Okawaru gifted it to you on level 10 of the Dungeon)

   It affects your intelligence (+3).
   It makes you vulnerable to fire.
   It increases your rate of regeneration.
 S - a +2 chain mail of cold resistance (worn)
Jewellery
 k - an uncursed ring of positive energy
 o - an amulet of faith (around neck)
 q - a +5 ring of evasion (right hand)
 t - the ring "Iqoatz" {SustAt rF++ Str-4 SInv}
   (You found it in a treasure trove)

   [ring of sustain attributes]

   It sustains your strength, intelligence and dexterity.
   It affects your strength (-4).
   It greatly protects you from fire.
   It lets you see invisible.
 H - an uncursed amulet of dismissal {unknown}
 L - an uncursed ring of protection from magic
 Q - the ring of Cuditebb {rC+ MP-9 Str+4 Int+6}
   (You found it in a treasure trove)

   [ring of protection from cold]

   It affects your strength (+4).
   It affects your intelligence (+6).
   It protects you from cold.
   It affects your magic capacity (-9).
 R - the ring of Widder (left hand) {rPois rC+ MP+9 Stlth+}
   (You found it in a treasure trove)

   [ring of magical power]

   It protects you from cold.
   It protects you from poison.
   It affects your magic capacity (+9).
   It makes you more stealthy.
 T - the ring "Soesoqok" {SustAt rN+ Str+4 Int+4}
   (You found it in a treasure trove)

   [ring of sustain attributes]

   It sustains your strength, intelligence and dexterity.
   It affects your strength (+4).
   It affects your intelligence (+4).
   It protects you from negative energy.
Wands
 e - a wand of slowing (29/48)
 v - a wand of disintegration (9/24)
 B - a wand of iceblast (1/15)
 C - a wand of lightning (4/15)
 D - a wand of paralysis (10/24)
Scrolls
 m - a scroll of amnesia
 p - 4 scrolls of remove curse
 w - 3 scrolls of recharging
 z - a scroll of fog
 G - a scroll of magic mapping
Potions
 d - 2 potions of might
 i - 2 potions of lignification
 j - 3 potions of cure mutation
 l - 2 potions of heal wounds
 n - 3 potions of invisibility
 r - 2 potions of agility
 x - a potion of ambrosia
 F - a potion of resistance {unknown}
 J - 4 potions of cancellation {unknown}
 K - a potion of mutation {unknown}
 M - 4 potions of curing
 N - a potion of experience {unknown}
Comestibles
 f - 7 bread rations
 g - 2 slices of pizza
 h - 11 fruits
 s - 6 meat rations
 A - 7 beef jerkies
 V - 3 chunks of flesh


   Skills:
 - Level 3.2(8.2) Fighting
 + Level 13.8(18.8) Long Blades
 - Level 13.1(18.1) Armour
 - Level 8.1(13.1) Dodging
 - Level 15.0(20.0) Shields
 - Level 5.1 Invocations


You had 13 spell levels left.
You didn't know any spells.

Dungeon Overview and Level Annotations

Branches:
Dungeon (15/15)            Temple (1/1) D:5            Lair (0/8) D:9
    Orc (2/2) D:10         Vaults (0/5) D:13
    Elf: Orc:2       Depths: D:15

Altars:
Ashenzari
Cheibriados
Dithmenos
Elyvilon
Fedhas
Gozag
Makhleb
Okawaru
Pakellas
Qazlal
Sif Muna
Trog
Vehumet
Xom
Yredelemnul
Zin
The Shining One
Beogh
Lugonu

Shops:
D:5 :   D:13 [}(!

Annotations:
D:5 exclusion: statue
D:15 Agnes


Innate Abilities, Weirdness & Mutations

You are under a permanent stasis effect.
You can dig through walls and to a lower floor.
Your four strong arms can wield two-handed weapons with a shield.
You have a pair of large antennae on your head (SInv).


Message History

Agnes barely misses you.
You hit Agnes but do no damage.
Agnes is severely wounded.
Agnes hits you with a lajatang of electrocution!
Unknown command.
You barely miss Agnes.
Agnes is severely wounded.
Agnes hits you with a lajatang of electrocution!!
* * * LOW HITPOINT WARNING * * *
You are electrocuted!
* * * LOW HITPOINT WARNING * * *
You block Agnes's attack.
A purple ugly thing comes into view.
You closely miss Agnes.
Agnes is severely wounded.
Agnes misses you.
You slash Agnes!
Agnes is severely wounded.
Agnes hits you with a lajatang of electrocution!!
You die...

..........^#..##.........
...#.......................
...#.......##.###.........
...##.###...#.# #........
...##.. #.).#.###.......# .
.......##...#.#...#####.##..
###....##...#.......#......#
.≈... { #.#.....#......#
...# #{ #.#.@..........#
#.## #.. #i###...#+####
..{.#+#u........#
...{u..u...........
....{...............
#.##................
##.###........... ...
#....#....#. ....
#....#....#


You could see Agnes and 2 ugly things.

Vanquished Creatures
  Rupert (D:12)
  A minotaur (Lab)
  An ettin (D:10)
  8 vault guards (D:13)
  A catoblepas (D:14)
  Erica (D:10)
  An orc high priest (D:10)
  Urug (D:11)
  Nergalle (D:11)
  4 unseen horrors
  An orc knight (Orc:2)
  The ghost of CountDeLaPain the Shield-Bearer, a novice MiFi of Okawaru (D:6)
  4 hill giants
  A griffon (D:14)
  3 cyclopes
  3 orc sorcerers
  6 ugly things
  A manticore (D:14)
  Maurice (D:8)
  Psyche (D:8)
  A gargoyle (D:10)
  A kobold demonologist (D:13)
  6 trolls
  A two-headed ogre (Orc:1)
  Grinder (D:6)
  8 slime creatures
  A vampire (D:13)
  A water elemental (D:14)
  A shadow (D:14)
  A fire elemental (D:13)
  Eustachio (D:5)
  Grum (D:11)
  A basilisk (D:14)
  6 hippogriffs
  10 yaks
  9 vampire mosquitoes
  Menkaure (D:6)
  2 hungry ghosts
  3 wargs (D:10)
  9 sky beasts
  3 eyes of draining
  2 wasps
  17 orc warriors
  2 black bears (D:8)
  4 ice beasts
  5 phantoms
  A necrophage (D:6)
  10 centaurs
  3 wolves (D:11)
  12 ogres
  3 big kobolds
  5 giant frogs
  6 scorpions
  3 killer bees (D:10)
  13 wights
  A howler monkey (D:6)
  3 giant frog zombies
  10 crimson imps
  A lava snake (D:14)
  2 centaur zombies
  2 jellies (D:10)
  2 quasits
  Crazy Yiuf (D:5)
  2 centaur skeletons (D:12)
  11 orc priests
  7 hounds
  22 orc wizards
  8 iguanas
  13 worker ants
  2 sheep
  5 big kobold zombies (Ossuary)
  A hound zombie (D:9)
  A hound skeleton (D:10)
  A mummy (Ossuary)
  A howler monkey zombie (D:10)
  4 gnolls (D:4)
  4 worker ant zombies
  14 adders
  A river rat (Sewer)
  4 shadow imps
  An ooze (D:1)
  An adder skeleton (D:6)
  3 worms
  A dart slug (D:3)
  8 giant geckos
  60 orcs
  4 spectral bats (Ossuary)
  8 giant cockroaches
  7 gnoll zombies (Ossuary)
  7 hobgoblins
  16 jackals
  5 quokkas
  3 ball pythons
  A ball python skeleton (D:4)
  19 bats
  A bat simulacrum (Ossuary)
  2 giant gecko skeletons
  3 giant newts
  7 goblins
  4 goblin simulacra (Ossuary)
  4 goblin zombies
  7 hobgoblin zombies (Ossuary)
  21 kobolds
  5 kobold simulacra (Ossuary)
  2 kobold zombies (Ossuary)
  6 orc zombies (Ossuary)
  A quokka zombie (D:6)
  11 rats
  2 rat simulacra (Ossuary)
  A spectral goblin (Ossuary)
  2 spectral kobolds (Ossuary)
  5 spectral rats (Ossuary)
  A fungus (D:12)
548 creatures vanquished.

Vanquished Creatures (others)
  An unseen horror (D:14)
  A deep elf mage (D:14)
  A vampire mosquito (D:14)
3 creatures vanquished.

Grand Total: 551 creatures vanquished

Notes
Turn   | Place    | Note
--------------------------------------------------------------
     0 | D:1      | Justsplatmyhpup the Formicid Fighter began the quest for the Orb.
     0 | D:1      | Reached XP level 1. HP: 18/18 MP: 1/1
    96 | D:1      | Reached XP level 2. HP: 22/24 MP: 2/2
   539 | D:2      | Reached XP level 3. HP: 29/29 MP: 3/3
  1430 | D:2      | Reached XP level 4. HP: 35/35 MP: 4/4
  1459 | D:2      | Found an oddly glowing altar of Pakellas.
  1459 | D:2      | Found a shadowy altar of Dithmenos.
  1965 | D:3      | Found a snail-covered altar of Cheibriados.
  2335 | D:3      | Reached XP level 5. HP: 40/41 MP: 5/5
  2685 | D:3      | Reached skill level 5 in Long Blades
  2937 | D:4      | Reached skill level 4 in Shields
  3384 | D:4      | Reached skill level 5 in Shields
  3384 | D:4      | Reached XP level 6. HP: 33/47 MP: 6/6
  3461 | D:4      | Noticed an ogre
  3504 | D:4      | Killed an ogre
  3504 | D:4      | Reached skill level 6 in Shields
  3612 | D:4      | Reached XP level 7. HP: 34/52 MP: 7/7
  3871 | D:4      | Reached skill level 7 in Shields
  4078 | D:5      | Entered Level 5 of the Dungeon
  4078 | D:5      | Found Luylacs's Book Shoppe.
  4305 | D:4      | Reached skill level 8 in Shields
  4371 | D:5      | Reached skill level 9 in Shields
  4371 | D:5      | Reached XP level 8. HP: 30/58 MP: 8/8
  4507 | D:5      | Found a radiant altar of Vehumet.
  4577 | D:5      | Found a glowing drain.
  4617 | Sewer    | Entered a sewer
  4718 | Sewer    | Reached skill level 10 in Shields
  4751 | Sewer    | Found a white marble altar of Elyvilon.
  4802 | D:5      | Found a staircase to the Ecumenical Temple.
  4810 | Temple   | Entered the Ecumenical Temple
  4823 | Temple   | Became a worshipper of Warmaster Okawaru
  5234 | D:5      | Reached skill level 5 in Armour
  5301 | D:5      | Noticed Crazy Yiuf
  5307 | D:5      | Killed Crazy Yiuf
  5576 | D:6      | Noticed Menkaure
  5591 | D:6      | Killed Menkaure
  5657 | D:6      | Reached XP level 9. HP: 29/64 MP: 9/9
  5854 | D:6      | Found a sand-covered staircase.
  5867 | Ossuary  | Entered an ossuary
  6315 | D:6      | Noticed Eustachio
  6321 | D:6      | Noticed Grinder
  6333 | D:6      | Reached * piety under Okawaru
  6335 | D:6      | Noticed CountDeLaPain's ghost (novice MiFi)
  6783 | D:5      | Killed Eustachio
  6825 | D:6      | Killed Grinder
  7246 | D:6      | Reached ** piety under Okawaru
  7285 | D:6      | Killed CountDeLaPain's ghost
  7285 | D:6      | Reached XP level 10. HP: 44/70 MP: 8/10
  7805 | D:7      | Reached *** piety under Okawaru
  8286 | D:7      | Found a blossoming altar of Fedhas.
  8584 | D:8      | Noticed Maurice
  8630 | D:8      | Noticed Psyche
  8638 | D:8      | Killed Psyche
  8685 | D:8      | Reached skill level 11 in Shields
  9004 | D:8      | Reached skill level 1 in Invocations
  9072 | D:8      | Found a bloodstained altar of Trog.
  9214 | D:8      | Killed Maurice
  9214 | D:8      | Reached **** piety under Okawaru
  9220 | D:8      | Identified the Guide on Dusty Malediction
  9387 | D:8      | Reached skill level 5 in Invocations
  9394 | D:8      | Got a dazzling flail
  9395 | D:8      | Identified the +7 flail of Crawling {crush, Dex+2} (You found it on level 8 of the Dungeon)
  9428 | D:8      | Found an opulent altar of Gozag.
  9480 | D:8      | Reached XP level 11. HP: 75/75 MP: 14/14
  9674 | D:9      | Found a burning altar of Makhleb.
  9674 | D:9      | Found a glowing golden altar of the Shining One.
  9833 | D:9      | Identified a scroll of acquirement
  9836 | D:9      | Got a pair of distressingly furry gloves
  9842 | D:9      | Identified the +2 pair of gloves "Hoomok" {+Fly rF+ Str+3} (You acquired it on level 9 of the Dungeon)
  9907 | D:9      | Found a shattered altar of Ashenzari.
  9943 | D:9      | Reached skill level 12 in Shields
 10022 | D:9      | Found a staircase to the Lair.
 10084 | D:9      | Noticed a hill giant
 10097 | D:9      | Killed a hill giant
 10097 | D:9      | Reached skill level 10 in Armour
 10182 | D:9      | Reached skill level 1 in Dodging
 10277 | D:9      | Found a stormy altar of Qazlal.
 10425 | D:9      | Found a basalt altar of Yredelemnul.
 10425 | D:9      | Found a glowing silver altar of Zin.
 10676 | D:10     | Entered Level 10 of the Dungeon
 11064 | D:10     | Reached ***** piety under Okawaru
 11298 | D:10     | Found a portal to a secret trove of treasure.
 11937 | D:10     | Reached skill level 13 in Shields
 12021 | D:10     | Found a staircase to the Orcish Mines.
 12133 | Orc:1    | Entered Level 1 of the Orcish Mines
 12133 | Orc:1    | Found a roughly hewn altar of Beogh.
 12133 | Orc:1    | Noticed an ettin
 12136 | Orc:1    | Noticed an orc high priest
 12191 | Orc:1    | HP: 3/75 [ettin/dire flail (38)]
 12206 | D:10     | Killed an ettin
 12206 | D:10     | Reached skill level 10 in Long Blades
 12216 | D:10     | Received a gift from Okawaru
 12224 | D:10     | Got a pair of heavily runed boots {god gift}
 12341 | D:10     | Identified the +2 pair of boots of the Ladybird {rF- Regen+ Int+3} (Okawaru gifted it to you on level 10 of the Dungeon)
 12388 | Orc:1    | Noticed an orc sorcerer
 12419 | D:10     | Reached XP level 12. HP: 67/81 MP: 12/15
 12454 | D:10     | Killed an orc high priest
 13041 | Orc:2    | Entered Level 2 of the Orcish Mines
 13420 | Orc:2    | Noticed an orc warlord
 13634 | D:11     | Noticed Erica
 13652 | D:10     | Killed Erica
 13719 | D:11     | Received a gift from Okawaru
 13898 | D:5      | Bought the Grimoire of the Destructive Mountains for 1004 gold pieces
 14047 | D:10     | You paid a toll of the Grimoire of the Destructive Mountains to enter a treasure trove
 14048 | Trove    | Entered a treasure trove
 14058 | Trove    | Got a steaming steel ring
 14062 | Trove    | Got an ancient glass ring
 14088 | Trove    | Identified the ring "Iqoatz" {SustAt rF++ Str-4 SInv} (You found it in a treasure trove)
 14090 | Trove    | Identified the ring of Widder {rPois rC+ MP+9 Stlth+} (You found it in a treasure trove)
 14122 | Trove    | Got a scorched bone ring
 14123 | Trove    | Identified the ring of Cuditebb {rC+ MP-9 Str+4 Int+6} (You found it in a treasure trove)
 14137 | Trove    | Got a smoking lead ring
 14139 | Trove    | Identified the ring "Soesoqok" {SustAt rN+ Str+4 Int+4} (You found it in a treasure trove)
 14404 | D:11     | Noticed Grum
 14430 | D:11     | Killed Grum
 14554 | D:11     | Reached XP level 13. HP: 57/86 MP: 16/16
 14681 | D:11     | Noticed Nergalle
 14726 | D:11     | Killed Nergalle
 15012 | D:11     | Noticed Urug
 15021 | D:11     | Killed Urug
 15198 | D:12     | Found a labyrinth entrance.
 15223 | Lab      | Entered a labyrinth
 15925 | Lab      | Noticed a minotaur
 15938 | Lab      | Killed a minotaur
 15991 | Lab      | Got a bound marble ring
 16003 | D:12     | Identified the ring of Qyofoh Qunu {rN+ MP+9 Dex+5} (You found it in a labyrinth)
 16321 | D:12     | Noticed Rupert
 16346 | D:12     | Killed Rupert
 16346 | D:12     | Received a gift from Okawaru
 16349 | D:12     | Got a fine scale mail {god gift}
 16360 | D:12     | Identified the +0 scale mail of Shadows and Fog {rPois Regen+} (Okawaru gifted it to you on level 12 of the Dungeon)
 16599 | D:12     | Found a glowing golden altar of the Shining One.
 17211 | D:13     | Found Ciuddoig's Armour Boutique.
 17233 | D:13     | Found an oddly glowing altar of Pakellas.
 17492 | D:13     | Found a gate to the Vaults.
 17492 | D:13     | Noticed a vault guard
 17492 | D:13     | Noticed a vault guard
 17492 | D:13     | Noticed a vault guard
 17501 | D:13     | Noticed a vault guard
 17514 | D:13     | Noticed a vault guard
 17520 | D:13     | Killed a vault guard
 17520 | D:13     | Reached ****** piety under Okawaru
 17520 | D:13     | Received a gift from Okawaru
 17532 | D:13     | Killed a vault guard
 17538 | D:13     | Killed a vault guard
 17538 | D:13     | Reached skill level 14 in Shields
 17543 | D:13     | Noticed a vault guard
 17552 | D:13     | Killed a vault guard
 17570 | D:13     | Killed a vault guard
 17570 | D:13     | Reached XP level 14. HP: 36/93 MP: 17/17
 17578 | D:13     | Received a gift from Okawaru
 17758 | D:13     | Reached skill level 15 in Shields
 17766 | D:13     | Found Jokatz's Gadget Shop.
 18008 | D:13     | Found Veocosil's Distillery.
 18016 | D:13     | Bought a potion of curing for 39 gold pieces
 18016 | D:13     | Bought a potion of curing for 39 gold pieces
 18143 | D:13     | Found Ibet's Antique Weapon Shoppe.
 18151 | D:13     | Bought a runed great sword for 117 gold pieces
 18714 | D:15     | Entered Level 15 of the Dungeon
 18843 | D:15     | Noticed Agnes
 18860 | D:15     | Mangled by Agnes

Skill      XL: |  1  2  3  4  5  6  7  8  9 10 11 12 13 14 |
---------------+-------------------------------------------+-----
Long Blades    | 3 4 5 7 9 10 12 13 | 13.8
Shields        | 5 6 9 10 11 13 14 15 | 15.0
Armour         | 6 9 10 12 13 | 13.1
Invocations    | 5 |  5.1
Dodging        | 3 8 |  8.1
Fighting       | |  3.2

Action                   |  1- 3 |  4- 6 |  7- 9 | 10-12 | 13-15 || total
-------------------------+-------+-------+-------+-------+-------++-------
Melee: Long sword        |   138 |   200 |   501 |       |       ||   839
       Scimitar          |       |       |    35 |  1027 |   520 ||  1582
       Great sword       |       |       |       |       |   157 ||   157
Invok: Heroism           |       |       |     3 |    20 |    10 ||    33
       Finesse           |       |       |       |       |     1 ||     1
 Abil: Evoke Flight      |       |       |       |     1 |     2 ||     3
       Stop Flying       |       |       |       |     1 |       ||     1
  Use: Scroll            |     2 |     5 |     8 |     7 |     7 ||    29
       Potion            |       |     1 |     1 |     4 |     2 ||     8
 Stab: Petrified         |       |       |       |       |     2 ||     2
  Eat: Chunk             |     1 |     7 |    10 |    27 |    13 ||    58
       Bread ration      |       |       |     1 |       |       ||     1
       Beef jerky        |       |       |       |     1 |     2 ||     3
Armor: Scale mail        |    91 |    85 |    30 |       |       ||   206
       Ring mail         |       |       |    63 |   182 |       ||   245
       Plate armour      |       |       |       |    19 |    41 ||    60
       Chain mail        |       |       |       |       |   125 ||   125
Dodge: Dodged            |    51 |    67 |   197 |   462 |   268 ||  1045
Block: Shield            |    75 |   123 |   308 |   819 |   410 ||  1735
